 Dungeon Crawl Stone Soup version 0.26.0-18-gc5c842f807 (webtiles) character file.

Game seed: 15606115378860946173

38516 Marvel the Grappler (level 13, -7/131 HPs)
             Began as a Troll Warper on Jan 23, 2021.
             Was a Follower of Lugonu.
             Mangled by an ice devil (20 damage)
             ... on level 14 of the Dungeon.
             The game lasted 00:56:12 (14121 turns).

Marvel the Grappler (Troll Warper)                 Turns: 14121, Time: 00:56:12

Health: -7/131     AC: 15    Str: 22    XL:     13   Next: 64%
Magic:  0/19       EV:  9    Int: 20    God:    Lugonu [*.....]
Gold:   997        SH: 11    Dex:  9    Spells: 17/21 levels left

rFire    + . .     SeeInvis .   T - +9 morningstar of Cocw {drain, *Rage rElec rF+ Int+7}
rCold    . . .     Faith    .   g - +2 kite shield
rNeg     . . .     Spirit   +   M - +3 troll leather armour
rPois    .         Reflect  .   (helmet restricted)
rElec    +         Harm     .   H - scarf {shadows}
rCorr    .         Rampage  .   (gloves unavailable)
Will     +....     Rnd*Rage +   (boots unavailable)
Stlth    +.........             N - amulet of guardian spirit
HPRegen  1.11/turn              q - +4 ring of protection
MPRegen  0.16/turn              J - ring of willpower

@: berserk cooldown, slowed, very slow
A: large, unfitting armour, claws 3, berserk 1, regeneration 1, shaggy fur 1,
tough skin 3
a: Renounce Religion, Depart the Abyss


You were on level 14 of the Dungeon.
You worshipped Lugonu.
Lugonu was aware of your devotion.
You visited 2 branches of the dungeon, and saw 15 of its levels.
You visited the Abyss 1 time.

You collected 997 gold pieces.

Inventory:

Hand Weapons
 w - a +4 quarterstaff of chaos
 P - the +11 mace of Ritt {freeze, Dex+3}
   (You found it on level 12 of the Dungeon)

   It has been specially enchanted to freeze those struck by it, causing extra
   injury to most foes and up to half again as much damage against particularly
   susceptible opponents.
   It can also slow down cold-blooded creatures.
   It affects your dexterity (+3).
 T - the +9 morningstar of Cocw (weapon) {drain, *Rage rElec rF+ Int+7}
   (You took it off an orc warrior on level 13 of the Dungeon)

   A truly terrible weapon, it drains the life of those it strikes.
   It affects your intelligence (+7).
   It protects you from fire.
   It insulates you from electricity.
   It may make you go berserk in combat.
Missiles
 d - 2 boomerangs of dispersal
 n - 54 poisoned darts (quivered)
 x - 3 javelins
 z - 41 boomerangs
Armour
 g - a +2 kite shield (worn)
 B - +0 steam dragon scales
 H - a scarf of shadows (worn)
 K - +0 acid dragon scales
 M - a +3 troll leather armour (worn)
Jewellery
 a - an uncursed ring of flight
 i - an uncursed amulet of reflection
 o - an uncursed ring of willpower
 q - a +4 ring of protection (left claw)
 y - an uncursed ring of magical power
 J - a ring of willpower (right claw)
 N - an amulet of guardian spirit (around neck)
 O - an uncursed ring of willpower
 U - an uncursed ring of see invisible
Wands
 k - a wand of acid (8)
 E - a wand of random effects (31)
 L - a wand of enslavement (4)
 Q - a wand of iceblast (8)
 R - a wand of flame (8)
 S - a wand of digging (3)
Scrolls
 b - 16 scrolls of teleportation
 c - 3 scrolls of blinking
 e - 3 scrolls of amnesia
 h - 8 scrolls of remove curse
 p - 2 scrolls of random uselessness
 r - 3 scrolls of fog
 u - 10 scrolls of identify
 v - a scroll of enchant weapon {unknown}
Potions
 f - 3 potions of might {unknown}
 j - 5 potions of curing
 l - a potion of invisibility {unknown}
 m - a potion of haste {unknown}
 s - a potion of ambrosia
 t - a potion of heal wounds
 A - 3 potions of brilliance {unknown}
 C - 2 potions of flight {unknown}
 D - 3 potions of berserk rage
 F - a potion of cancellation
 G - 3 potions of lignification
 I - a potion of mutation


   Skills:
 - Level 9.0 Fighting
 - Level 1.1(1.3) Short Blades
 - Level 0.8(1.1) Long Blades
 - Level 0.8(5.3) Axes
 + Level 9.2(9.3) Maces & Flails
 - Level 0.7(1.1) Polearms
 - Level 0.5(5.3) Staves
 - Level 0.5 Bows
 - Level 0.5 Crossbows
 - Level 3.0 Throwing
 - Level 0.8 Armour
 - Level 4.6 Dodging
 - Level 1.3 Stealth
 - Level 4.6 Shields
 - Level 12.0 Unarmed Combat
 + Level 4.8 Spellcasting
 - Level 0.5 Conjurations
 - Level 0.4 Hexes
 - Level 0.4 Summonings
 - Level 0.7 Necromancy
 - Level 5.0 Translocations
 - Level 0.7 Transmutations
 - Level 0.8 Fire Magic
 - Level 0.9 Ice Magic
 - Level 3.0 Air Magic
 - Level 1.1 Earth Magic
 - Level 0.6 Poison Magic
 - Level 1.0 Invocations
 - Level 0.7 Evocations


You had 17 spell levels left.
You knew the following spells:

 Your Spells              Type           Power        Failure   Level
a - Blink                 Tloc           N/A          7%          2
b - Swiftness             Air            8%           16%         2

Your spell library contained the following spells:

 Spells                   Type           Power        Failure   Level
 Gell's Gravitas          Tloc           6%           14%         3
 Lesser Beckoning         Tloc           6%           14%         3
 Teleport Other           Tloc           12%          14%         3
 Shock                    Conj/Air       20%          17%         1
 Beastly Appendage        Tmut           6%           26%         1
 Wereblood                Tmut           3%           38%         2
 Passage of Golubria      Tloc           N/A          41%         4
 Static Discharge         Conj/Air       5%           45%         3
 Spider Form              Tmut/Pois      1%           63%         3
 Airstrike                Air            4%           71%         4
 Ice Form                 Ice/Tmut       4%           94%         4
 Cause Fear               Hex            1%           96%         4
 Lightning Bolt           Conj/Air       2%           99%         5
 Silence                  Hex/Air        2%           99%         5
 Blade Hands              Tmut           1%           100%        5
 Yara's Violent Unravell  Hex/Tmut       1%           100%        5
 Discord                  Hex            1%           100%        8


Dungeon Overview and Level Annotations

Branches:
Dungeon (14/15)            Temple (1/1) D:7            Lair (0/6) D:10
    Orc (0/2) D:11         Vaults (0/5) D:13

Altars:
Ashenzari
Cheibriados
Dithmenos
Elyvilon
Fedhas
Gozag
Hepliaklqana
Nemelex Xobeh
Okawaru
Qazlal
Ru
Sif Muna
Trog
Uskayaw
Vehumet
Wu Jian
Xom
Yredelemnul
Zin
Beogh

Shops:
D:10 [


Innate Abilities, Weirdness & Mutations

You are too large for most types of armour.
You have claws for hands.
Your natural rate of healing is unusually fast.
You are covered in fur. (AC +1)
You have extremely tough skin. (AC +3)
You tend to lose your temper in combat.


Message History

* * * LOW HITPOINT WARNING * * *
The white imp gestures at you. The puff of frost hits you.
* * * LOW HITPOINT WARNING * * *
Okay, then.
You feel much better.
The ice devil hits you but does no damage.
The white imp gestures at you.
The puff of frost hits you but does no damage.
The white imp puffs mist at you. The ice devil hits you.
The ice devil freezes you!
* * * LOW HITPOINT WARNING * * *
You closely miss the white imp. The white imp gestures at you.
The puff of frost hits you!
* * * LOW HITPOINT WARNING * * *
The ice devil hits you.
* * * LOW HITPOINT WARNING * * *
The ice devil freezes you!!
You die...

....##..##..#..........Y..# #...
..[.##..##..#............Y# #...
....##..##..#.............# #...
............#.............# #...
.....#####..#.............# #...
....## ##.#.............####...
....# #.#....................
....#.≈≈≈.#....5.................
....#.≈≈≈.#....4@........######..
....#.≈≈≈.#....5.........#### #..
....#..≈..#.....PPP.PPPPPPPPP #..
....##...##.....P...P.P...P.P##..
.....#5..#..#...PPP.P.PPP.P.P##..
....[##5##..#.............P...#..
......#.#...#..#PPPPP.PPPPP.P....
............#..#P.....P...P.P##..
............#..#PPPPP.PPP.P.P##..


You could see an ice devil and 2 white imps.

Vanquished Creatures
  The ghost of Stixsmaster the Blocker, a journeyman MiFi of Trog (D:12)
  Josephine (D:12)
  Harold (D:6)
  A boulder beetle (D:14)
  4 vault guards (D:12)
  A hydra (D:12)
  2 centaur warriors (D:14)
  4 two-headed ogres
  A tengu warrior (D:14)
  A sun demon (D:14)
  An unseen horror (D:14)
  2 large abominations (Abyss:2)
  A lindwurm (shapeshifter) (D:12)
  Pikel (D:6)
  A deep elf mage (D:13)
  An ugly thing (D:13)
  2 manticores (D:12)
  A shining eye (shapeshifter) (D:12)
  2 cyclopes
  2 centaur zombies
  A gargoyle (D:14)
  Maggie (D:7)
  A kobold demonologist (D:14)
  A tengu conjurer (D:14)
  2 efreet
  6 trolls
  A hornet (D:10)
  3 dancing weapons (D:14)
  7 slime creatures
  Sigmund (D:3)
  6 wraiths
  A vampire (D:10)
  15 yaks
  3 wyverns
  A ynoxinul (Abyss:2)
  Eustachio (D:5)
  4 water elementals
  A basilisk (D:14)
  A steam dragon (D:10)
  Edmund (D:6)
  3 vampire mosquitoes (D:14)
  2 acid dragons
  An ice beast (D:7)
  7 sky beasts
  2 eyes of draining
  10 orc warriors
  3 black bears
  A necrophage (D:12)
  The ghost of Stixsmaster the Grasshopper, an amateur GnWr (D:4)
  7 ogres
  2 phantoms
  11 centaurs
  4 big kobolds
  A gnoll sergeant (D:7)
  11 bullfrogs
  A small abomination (Abyss:2)
  A wyvern skeleton (D:14)
  6 scorpions
  22 killer bees
  17 wights
  3 electric eels (D:13)
  5 howler monkeys
  4 crimson imps (D:14)
  4 bullfrog zombies
  3 jellies
  5 starcursed masses (Abyss:2)
  A quasit (D:5)
  2 bullfrog skeletons
  Crazy Yiuf (D:3)
  4 centaur skeletons
  2 hounds
  10 orc priests
  11 orc wizards
  Jessica (D:2)
  7 iguanas
  Natasha (twice) (D:2)
  10 worker ants
  A killer bee zombie (D:7)
  3 hound zombies
  2 hound skeletons
  A mummy (D:5)
  A worker ant zombie (D:5)
  4 gnolls (D:7)
  3 howler monkey skeletons
  13 adders
  2 shadow imps
  3 white imps
  2 ufetubi
  2 adder skeletons
  2 worms
  2 leopard geckos
  56 orcs
  2 ball pythons
  6 bats
  6 giant cockroaches
  6 goblins
  8 hobgoblins
  9 jackals
  21 kobolds
  A quokka (D:4)
  5 frilled lizards
  A goblin zombie (D:5)
  A jackal skeleton (D:4)
  A kobold zombie (D:5)
  A leopard gecko zombie (D:4)
  6 rats
448 creatures vanquished.

Vanquished Creatures (others)
  A howler monkey (D:13)
  An ooze (D:2)
  A hobgoblin (D:2)
  6 fungi (D:10)
  71 plants
80 creatures vanquished.

Grand Total: 528 creatures vanquished

Notes
Turn   | Place    | Note
-------+----------+-------------------------------------------
     0 | D:1      | Marvel the Troll Warper began the quest for the Orb.
     0 | D:1      | Reached XP level 1. HP: 19/19 MP: 1/1
    59 | D:1      | Reached XP level 2. HP: 26/27 MP: 3/3
    74 | D:1      | Learned a level 2 spell: Blink
   622 | D:2      | Reached XP level 3. HP: 33/33 MP: 4/4
   757 | D:2      | Reached skill level 3 in Unarmed Combat
   805 | D:2      | Noticed Jessica
   813 | D:2      | Killed Jessica
   814 | D:2      | Reached XP level 4. HP: 41/41 MP: 5/5
   826 | D:2      | Found a white marble altar of Elyvilon.
   996 | D:2      | Noticed Natasha
  1005 | D:2      | Killed Natasha
  1006 | D:2      | Reached skill level 4 in Unarmed Combat
  1232 | D:2      | Noticed Natasha
  1240 | D:2      | Killed Natasha
  1241 | D:2      | Reached XP level 5. HP: 44/48 MP: 6/6
  1379 | D:2      | Reached skill level 1 in Shields
  1566 | D:3      | Reached XP level 6. HP: 55/55 MP: 7/7
  1591 | D:3      | Found a runed translucent door.
  1592 | D:3      | Noticed Crazy Yiuf
  1628 | D:3      | Paralysed by Crazy Yiuf for 4 turns
  1633 | D:3      | Killed Crazy Yiuf
  2000 | D:3      | Reached skill level 1 in Throwing
  2000 | D:3      | Reached skill level 5 in Unarmed Combat
  2132 | D:3      | Noticed Sigmund
  2137 | D:3      | Killed Sigmund
  2138 | D:3      | Reached XP level 7. HP: 52/63 MP: 8/8
  2624 | D:4      | Found a runed translucent gate.
  2624 | D:4      | Found a runed translucent gate.
  2626 | D:4      | Found a runed translucent gate.
  2737 | D:4      | Reached skill level 6 in Unarmed Combat
  2758 | D:4      | Reached skill level 1 in Stealth
  2797 | D:4      | Noticed Stixsmaster's ghost (amateur GnWr)
  2980 | D:4      | Killed Stixsmaster's ghost
  3030 | D:5      | Entered Level 5 of the Dungeon
  3037 | D:5      | Reached XP level 8. HP: 71/72 MP: 9/9
  3138 | D:5      | Noticed Eustachio
  3151 | D:5      | Killed Eustachio
  3339 | D:5      | Reached skill level 7 in Unarmed Combat
  3440 | D:5      | Found a sand-covered staircase.
  3958 | D:6      | Noticed Edmund
  3976 | D:6      | Killed Edmund
  4453 | D:6      | Reached XP level 9. HP: 60/79 MP: 10/10
  4532 | D:7      | Reached skill level 8 in Unarmed Combat
  4687 | D:7      | Noticed Harold
  4719 | D:7      | Reached skill level 9 in Unarmed Combat
  4904 | D:7      | Noticed Pikel
  4919 | D:6      | Killed Harold
  4920 | D:6      | Reached skill level 10 in Unarmed Combat
  4942 | D:6      | Killed Pikel
  4943 | D:6      | Reached skill level 11 in Unarmed Combat
  5118 | D:7      | Found a staircase to the Ecumenical Temple.
  5126 | Temple   | Entered the Ecumenical Temple
  5170 | Temple   | Became a worshipper of the Wu Jian Council
  5261 | D:7      | Reached XP level 10. HP: 87/89 MP: 11/11
  5412 | D:7      | Noticed Maggie
  5425 | D:7      | Killed Maggie
  5865 | D:8      | Reached skill level 12 in Unarmed Combat
  5933 | D:8      | Reached * piety under Wu Jian
  6168 | D:8      | Learned a level 2 spell: Swiftness
  6398 | D:8      | Noticed a two-headed ogre
  6408 | D:8      | Killed a two-headed ogre
  6409 | D:8      | Reached skill level 5 in Fighting
  6455 | D:8      | Found a glowing silver altar of Zin.
  6940 | D:9      | Reached XP level 11. HP: 103/109 MP: 12/12
  7317 | D:10     | Entered Level 10 of the Dungeon
  7322 | D:10     | Reached ** piety under Wu Jian
  7442 | D:10     | Found a staircase to the Lair.
  7450 | D:10     | Noticed a two-headed ogre
  7466 | D:10     | Killed a two-headed ogre
  7745 | D:10     | Reached skill level 1 in Short Blades
  7798 | D:10     | Reached skill level 1 in Invocations
  7971 | D:10     | Reached skill level 1 in Earth Magic
  8010 | D:10     | Found Teakk's Antique Armour Shoppe.
  8257 | D:11     | Noticed an eight-headed hydra
  8391 | D:11     | Reached *** piety under Wu Jian
  8673 | D:11     | Found a staircase to the Orcish Mines.
  8704 | D:11     | Noticed a four-headed hydra
  8835 | D:12     | Reached skill level 1 in Air Magic
  9106 | D:12     | Got a warped mace
  9107 | D:12     | Identified the +11 mace of Ritt {freeze, Dex+3} (You found
                  | it on level 12 of the Dungeon)
  9180 | D:12     | Reached skill level 1 in Maces & Flails
  9269 | D:12     | Noticed a two-headed ogre
  9281 | D:12     | Killed a two-headed ogre
  9458 | D:12     | Reached XP level 12. HP: 115/118 MP: 13/15
  9556 | D:12     | Noticed a two-headed ogre
  9568 | D:12     | Killed a two-headed ogre
  9718 | D:12     | Noticed an eight-headed hydra
  9731 | D:12     | Killed an eight-headed hydra
 10209 | D:12     | Gained mutation: Armour fits poorly on your strangely
                  | shaped body. [a shining eye]
 10210 | D:12     | Gained mutation: Scrolls take you a little longer to read.
                  | [a shining eye]
 10212 | D:12     | Gained mutation: You are weak. (Str -2) [a shining eye]
 10214 | D:12     | Gained mutation: You tend to lose your temper in combat. [a
                  | shining eye]
 10216 | D:12     | Lost mutation: You are weak. (Str -2) [potion of mutation]
 10216 | D:12     | Lost mutation: Scrolls take you a little longer to read.
                  | [potion of mutation]
 10216 | D:12     | Lost mutation: Armour fits poorly on your strangely shaped
                  | body. [potion of mutation]
 10216 | D:12     | Gained mutation: You are dopey. (Int -2) [potion of
                  | mutation]
 10216 | D:12     | Lost mutation: You are dopey. (Int -2) [potion of mutation]
 10253 | D:13     | Noticed a vault guard
 10441 | D:12     | Killed a vault guard
 10548 | D:13     | Noticed Josephine
 10710 | D:13     | Noticed a vault guard
 10710 | D:13     | Noticed a vault guard
 10711 | D:13     | Noticed a vault guard
 10773 | D:12     | Killed Josephine
 10774 | D:12     | Reached skill level 5 in Maces & Flails
 10955 | D:12     | Killed a vault guard
 10963 | D:12     | Killed a vault guard
 11100 | D:12     | Killed a vault guard
 11174 | D:13     | Found a gate to the Vaults.
 11286 | D:13     | Found a runed translucent gate.
 11287 | D:13     | Found a runed translucent gate.
 11287 | D:13     | Identified the +9 morningstar of Cocw {drain, *Rage rElec
                  | rF+ Int+7}
 11287 | D:13     | Identified the cursed +1 chain mail of Anarchy {rCorr Str+4
                  | Dex+2}
 11288 | D:13     | Found a runed translucent gate.
 11291 | D:13     | Noticed Stixsmaster's ghost (journeyman MiFi)
 11311 | D:13     | Reached **** piety under Wu Jian
 11708 | D:12     | Killed Stixsmaster's ghost
 12260 | D:13     | Reached XP level 13. HP: 131/131 MP: 13/16
 12367 | D:13     | Found a roughly hewn altar of Beogh.
 13153 | D:14     | Reached ***** piety under Wu Jian
 13395 | D:14     | Cast into level 2 of the Abyss (a wizard)
 13452 | Abyss:2  | Found a corrupted altar of Lugonu.
 13459 | Abyss:2  | Noticed a starcursed mass
 13617 | Abyss:2  | Found a corrupted altar of Lugonu.
 13636 | Abyss:2  | Noticed a balrug
 13636 | Abyss:2  | Fell from the grace of Wu Jian
 13636 | Abyss:2  | Became a worshipper of Lugonu the Unformed
 13636 | Abyss:2  | Reached * piety under Lugonu
 13637 | D:14     | Escaped the Abyss
 13832 | D:14     | Reached skill level 5 in Translocations
 14121 | D:14     | Mangled by an ice devil

Illustrated notes

Levels and vault maps discovered:
D:1:      minmay_arrival_cross, layout_basic
D:2:      layout_basic, elyvilon_altar_4, uniq_natasha, uniq_jessica
D:3:      layout_basic, uniq_crazy_yiuf_cottage, uniq_sigmund
D:4:      layout_rooms, gammafunk_ghost_necromancy
D:5:      minmay_chambers_of_fours, layout_cave_pools,
          nicolae_ossuary_entry_giza, chequers_serial_rivers_marsh,
          minmay_misc_feat_more_columns, grunt_ministairs_14, uniq_eustachio
D:6:      layout_cave_pools, uniq_edmund
D:7:      layout_basic, minmay_temple_entry_poolview, uniq_maggie, uniq_pikel,
          uniq_harold
D:8:      layout_layer_cave, basic_altar
D:9:      minmay_s_stair_smasher, layout_gridville
D:10:     layout_rooms, grunt_lair_entry_orc_guard_hut, serial_shops,
          kennysheep_mini, nicolae_straight_to_the_point
D:11:     layout_gridville, orc_0_dummy
D:12:     layout_stronghold
D:13:     layout_irregular_city, lightli_vaults_fourway_checkpoint,
          serial_bayou, serial_bayou_lagoon_b, serial_bayou_shore_a,
          serial_bayou_lagoon_a, serial_bayou_shore_b,
          biasface_ghost_orc_armoury, uniq_josephine
D:14:     layout_long_grid, minmay_hedge_maze, minmay_fire_ice_demons
Temple:   kilobyte_greek_temple

Skill      XL: |  1  2  3  4  5  6  7  8  9 10 11 12 13 |
---------------+----------------------------------------+-----
Dodging        | 2 3 4 |  4.6
Unarmed Combat | 3 4 5 6 7 11 12 | 12.0
Shields        | 1 2 4 |  4.6
Throwing       | 1 2 3 |  3.0
Stealth        | 1 |  1.3
Fighting       | 2 7 9 |  9.0
Short Blades   | 1 |  1.1
Invocations    | 1 |  1.0
Earth Magic    | 1 |  1.1
Spellcasting   | 3 4 |  4.8
Translocations | 3 5 |  5.0
Air Magic      | 3 |  3.0
Maces & Flails | 2 7 9 |  9.2
Long Blades    | |  0.8
Axes           | |  0.8
Polearms       | |  0.7
Staves         | |  0.5
Bows           | |  0.5
Crossbows      | |  0.5
Armour         | |  0.8
Conjurations   | |  0.5
Hexes          | |  0.4
Summonings     | |  0.4
Necromancy     | |  0.7
Transmutations | |  0.7
Fire Magic     | |  0.8
Ice Magic      | |  0.9
Poison Magic   | |  0.6
Evocations     | |  0.7

Action                   |  1- 3 |  4- 6 |  7- 9 | 10-12 | 13-15 || total
-------------------------+-------+-------+-------+-------+-------++-------
Melee: Unarmed           |   119 |    83 |   334 |   514 |       ||  1050
       Mace              |       |       |       |   446 |    34 ||   480
       Morningstar       |       |       |       |       |   303 ||   303
Throw: Boomerang         |     1 |       |     2 |       |       ||     3
       Dart              |       |       |    50 |    50 |       ||   100
Invok: Lunge             |       |       |       |    34 |    10 ||    44
       Whirlwind         |       |       |       |    94 |    31 ||   125
       Serpent's Lash    |       |       |       |     3 |       ||     3
       Depart the Abyss  |       |       |       |       |     1 ||     1
 Abil: Wall Jump         |       |       |       |    10 |       ||    10
Evoke: Wand              |       |       |       |    14 |       ||    14
  Use: Scroll            |       |       |     1 |    16 |     1 ||    18
       Potion            |       |       |       |     4 |     3 ||     7
 Stab: Sleeping          |       |       |     1 |     2 |       ||     3
       Held in net/web   |       |       |     1 |       |       ||     1
Armor: Robe              |    58 |    30 |    94 |       |       ||   182
       Steam dragon scal |       |       |       |   106 |       ||   106
       Troll leather arm |       |       |       |   203 |   150 ||   353
Dodge: Dodged            |    45 |    18 |    99 |   286 |   120 ||   568
Block: Kite shield       |    56 |    50 |   291 |   570 |   192 ||  1159
       Reflection        |     2 |     6 |    19 |     3 |       ||    30
